 Dungeon Crawl Stone Soup version 0.30.0 (webtiles) character file.

Game seed: 14945018696831258910

9659 jagoly the Grappler (level 11, -4/102 HPs)
             Began as a Troll Gladiator on May 9, 2023.
             Was a High Priest of Okawaru.
             Killed from afar by an acid dragon (21 damage)
             ... with a splash of acid
             ... on level 11 of the Dungeon.
             The game lasted 00:51:37 (9265 turns).

jagoly the Grappler (Troll Gladiator)               Turns: 9265, Time: 00:51:38

Health: -4/102     AC:  6    Str: 28    XL:     11   Next: 25%
Magic:  6/13       EV: 12    Int:  4    God:    Okawaru [*****.]
Gold:   672        SH:  0    Dex: 11    Spells: 10/10 levels left

rFire   . .          .
                       - Unarmed
rCold   . . .        (no shield)
rNeg    . . .        Q - +0 troll leather armour
rPois   +            b - +0 hat
rElec   .            K - +2 cloak {rPois}
rCorr   .            (gloves unavailable)
SInv    +            (boots unavailable)
Will    .....        E - amulet of regeneration
Stlth   +++          P - ring of see invisible
HPRegen 2.77/turn    (no ring)
MPRegen 0.13/turn

%: no passive effects
@: heroic, finesse-ful, corroded, slowed, very slow
A: large, unfitting armour, claws 3, regeneration 1, shaggy fur 1, tough skin 1
a: Renounce Religion, Heroism, Finesse, Duel


You were on level 11 of the Dungeon.
You worshipped Okawaru.
Okawaru was extremely pleased with you.
You visited 2 branches of the dungeon, and saw 12 of its levels.

You collected 672 gold pieces.

Inventory:

Hand Weapons
 f - a +2 whip of venom
Missiles
 c - 4 throwing nets
 g - 21 poisoned darts
 l - 2 javelins
 n - 22 stones (quivered)
 t - 5 boomerangs
 L - 9 large rocks
 M - 6 curare-tipped darts
Armour
 b - a +0 hat (worn)
 I - a +0 robe of fire resistance
 K - a +2 cloak of poison resistance (worn)
 Q - a +0 troll leather armour (worn)
Jewellery
 E - an amulet of regeneration (around neck)
 P - a ring of see invisible (left claw)
Wands
 d - a wand of mindburst (4)
 D - a wand of flame (8)
 F - a wand of iceblast (9)
 O - a wand of paralysis (1)
 S - a wand of polymorph (3)
Scrolls
 e - 3 scrolls of poison
 j - a scroll of enchant weapon {unknown}
 k - 3 scrolls of vulnerability {unknown}
 m - 5 scrolls of teleportation
 o - 5 scrolls of enchant armour
 p - 3 scrolls of magic mapping {unknown}
 q - a scroll of torment
 s - a scroll of brand weapon {unknown}
 w - 4 scrolls of fear
 y - 2 scrolls of immolation {unknown}
 C - a scroll of noise {unknown}
 H - a scroll of fog {unknown}
 R - a scroll of summoning {unknown}
Potions
 a - 2 potions of heal wounds {unknown}
 h - 3 potions of attraction
 i - a potion of magic {unknown}
 r - 5 potions of curing
 u - a potion of might {unknown}
 v - 2 potions of ambrosia {unknown}
 x - 2 potions of invisibility {unknown}
 z - 2 potions of resistance {unknown}
 A - 3 potions of flight {unknown}
 B - a potion of experience {unknown}
 G - a potion of berserk rage {unknown}
 J - a potion of haste
 N - a potion of cancellation {unknown}


   Skills:
 + Level 5.0(10.0) Fighting
 + Level 8.6(13.6) Throwing
 - Level 3.0(8.0) Dodging
 - Level 2.0(7.0) Stealth
 + Level 13.0(18.0) Unarmed Combat
 - Level 4.0 Invocations


You had 10 spell levels left.
You didn't know any spells.
Your spell library contained the following spells:

 Spells                   Type           Power      Damage    Failure   Level
 Cause Fear               Hex            0%         N/A       99%         4
 Dragon Form              Tmut           0%         N/A       100%        7
 Borgnjor's Revivificati  Necr           0%         N/A       100%        8
 Necromutation            Tmut/Necr      0%         N/A       100%        8
 Death's Door             Necr           0%         N/A       100%        9
 Dragon's Call            Summ           Unusable   N/A       N/A         9

Dungeon Overview and Level Annotations

Branches:
Dungeon (11/15) Zot: 26711  Temple (1/1) D:4 Zot: 5902     Orc (0/2) D:9
   Lair: D:8-11

Altars:
Ashenzari
Cheibriados
Dithmenos
Elyvilon
Fedhas
Gozag
Hepliaklqana
Kikubaaqudgha
Makhleb
Nemelex Xobeh
Okawaru
Qazlal
Ru
Sif Muna
Trog
Uskayaw
Vehumet
Wu Jian
Xom
Yredelemnul
Zin
The Shining One

Shops:
D:2 =   D:5 =*

Annotations:
D:8 Erica
D:9 1 runed translucent door, busb's ghost, journeyman BaNe


Innate Abilities, Weirdness & Mutations

You are too large for most types of armour.
You have claws for hands.
Your natural rate of healing is unusually fast.
You are covered in fur. (AC +1)
You have tough skin. (AC +1)


Message History

There is a stone staircase leading down here.
You climb downwards.
There is a stone staircase leading up here.
Found an escape hatch in the ceiling.
Found a leather armour.
You now have 624 gold pieces (gained 24).
Found a falchion.
A wyvern comes into view.
The wyvern hisses angrily.
You scratch the wyvern but do no damage.
The wyvern bites you!
You mangle the wyvern!!
You kill the wyvern!
Okawaru accepts your kill.
No target in view!
No target in view!
HP restored.
You see here a wyvern corpse.
Magic restored.
You now have 645 gold pieces (gained 21).
g - 25 poisoned darts (gained 6)
You open the door.
A spectral orc comes into view.
Found a basalt altar of Yredelemnul.
A spectral orc is nearby!
The spectral orc passes through a web.
The spectral orc passes through a web.
The spectral orc passes through a web.
You claw the spectral orc!
You destroy the spectral orc!
No target in view!
There is an open door here.
You pick your way through the web.
There is a web here.
You are caught in the web!
There is a web here.
You disentangle yourself.
You pick your way through the web.
There is a web here.
There is an open door here.
Key pressed, stopping explore.
You see here a troll skeleton.
S - a wand of polymorph (3) Unknown command.
Unknown command.
Found a stone staircase leading down.
There is a stone staircase leading up here.
Done exploring.
Done exploring.
There is a stone staircase leading down here.
You climb downwards.
Found 11 gold pieces.
There is a stone staircase leading up here.
Found a stone staircase leading down.
A boulder beetle comes into view.
The boulder beetle curls into a ball and begins rolling!
You see here 11 gold pieces.
Throw: 6 darts (curare)
Press: ? - help, Shift-Dir - straight line, f - boulder beetle
Aim: a boulder beetle (rolling, 90% to hit)
You throw a curare-tipped dart.
The curare-tipped dart hits the boulder beetle.
The boulder beetle is poisoned.
The boulder beetle convulses.
The boulder beetle seems to slow down.
The boulder beetle is lightly wounded.
Throw: 25 darts (poison)
Press: ? - help, Shift-Dir - straight line, f/p - boulder beetle
Aim: a boulder beetle (lightly wounded, rolling, very poisoned, slow, 90% to hit)
You throw a poisoned dart.
The poisoned dart hits the boulder beetle.
The boulder beetle looks even sicker.
The boulder beetle is lightly wounded.
Throw: 24 darts (poison)
Press: ? - help, Shift-Dir - straight line, f/p - boulder beetle
Aim: a boulder beetle (moderately wounded, rolling, very poisoned, slow, 90% to hit)
You throw a poisoned dart.
The poisoned dart hits the boulder beetle!
The boulder beetle looks as sick as possible!
The boulder beetle is moderately wounded.
Throw: 5 boomerangs
Press: ? - help, Shift-Dir - straight line, f/p - boulder beetle
Aim: a boulder beetle (moderately wounded, rolling, extremely poisoned, slow, 90% to hit)
You throw a boomerang. The boomerang hits the boulder beetle!
The boulder beetle is moderately wounded.
Throw: 5 boomerangs
Press: ? - help, Shift-Dir - straight line, f/p - boulder beetle
Aim: a boulder beetle (moderately wounded, rolling, extremely poisoned, slow, 90% to hit)
You throw a boomerang.
The boomerang hits the boulder beetle but does no damage.
The boulder beetle is moderately wounded.
Throw: 23 darts (poison)
Press: ? - help, Shift-Dir - straight line, f/p - boulder beetle
Aim: a boulder beetle (heavily wounded, rolling, very poisoned, slow, 90% to hit)
You throw a poisoned dart.
The poisoned dart hits the boulder beetle!
The boulder beetle looks as sick as possible!
The boulder beetle is heavily wounded.
There is a stone staircase leading up here.
Throw: 23 stones
Press: ? - help, Q - select action, (/) - cycle Shift-Dir - straight line, f/p - boulder beetle
Aim: a boulder beetle (heavily wounded, rolling, extremely poisoned, slow, 90% to hit)
You throw a stone.
The stone hits the boulder beetle but does no damage.
The boulder beetle is heavily wounded.
The boulder beetle is no longer moving slowly.
You claw the boulder beetle!
The boulder beetle is almost dead.
The boulder beetle hits you!!
The boulder beetle stops rolling and uncurls.
You barely miss the boulder beetle.
The boulder beetle is almost dead.
The boulder beetle bites you!
You scratch the boulder beetle.
The boulder beetle is almost dead.
You kill the boulder beetle!
Okawaru is honoured by your kill.
Your Invocations skill increases to level 3!
HP restored.
You now have 656 gold pieces (gained 11).
g - 23 poisoned darts (gained 1)
A scorpion comes into view.
Found a spear.
You scratch the scorpion.
The scorpion is moderately wounded.
The scorpion closely misses you.
You scratch the scorpion.
The scorpion is heavily wounded.
A cyclops comes into view.
The scorpion closely misses you.
You claw the scorpion!
You kill the scorpion!
Okawaru accepts your kill.
Throw: 23 darts (poison)
Press: ? - help, Shift-Dir - straight line, f - cyclops
Aim: a cyclops, quivering large rocks (87% to hit)
You throw a poisoned dart. The poisoned dart hits the cyclops!
The cyclops is poisoned.
A centaur comes into view.
A cyclops comes into view.
The cyclops throws a large rock.
The large rock hits you!
The centaur shouts!
The centaur wields a +0 shortbow.
The centaur shoots an arrow.
The arrow misses you.
The centaur shoots an arrow.
The arrow hits you.
The centaur shoots an arrow.
The arrow closely misses you.
The centaur shoots an arrow.
The arrow hits you but does no damage.
The cyclops throws a large rock.
The large rock hits you!!
The centaur shoots an arrow.
The arrow hits you.
The cyclops throws a large rock.
The large rock hits you!!
The centaur shoots an arrow.
The arrow hits you.
There is a stone staircase leading up, spattered with blood here.
The centaur shoots an arrow.
The arrow hits you.
You climb upwards.
There is a stone staircase leading down here.
HP restored.
There is a stone staircase leading down here.
You climb downwards.
The killer bee buzzes angrily. x2; You hear two shouts!
Found 12 gold pieces, a hand axe and 6 stones.
Found an escape hatch in the floor.
There is a stone staircase leading up here.
Throw: 22 darts (poison)
Press: ? - help, Shift-Dir - straight line, f - killer bee
Aim: a killer bee (36% to hit)
You throw a poisoned dart.
The poisoned dart closely misses the killer bee.
The poisoned dart hits the killer bee!
The killer bee is poisoned.
The killer bee buzzes angrily.
You hear a horrible gurgling sound!
Throw: 21 darts (poison)
Press: ? - help, Shift-Dir - straight line, f - killer bee, p - killer bee
Aim: a killer bee (36% to hit)
You throw a poisoned dart. The poisoned dart hits the killer bee.
The killer bee is poisoned.
Throw: 20 darts (poison)
Press: ? - help, Shift-Dir - straight line, f/p - killer bee
Aim: a killer bee (poisoned, 36% to hit)
You throw a poisoned dart.
The poisoned dart misses the killer bee.
The killer bee stings you but does no damage. x2
You closely miss the killer bee.
The killer bee is lightly wounded.
The killer bee stings you. The killer bee barely misses you.
You miss the killer bee.
The killer bee is lightly wounded.
You kill the killer bee!
Okawaru accepts your kill.
The killer bee stings you but does no damage.
The killer bee stings you. The killer bee barely misses you.
The killer bee stings you!
An acid dragon comes into view.
You closely miss the killer bee.
The killer bee is moderately wounded.
The killer bee stings you but does no damage.
The killer bee closely misses you.
A white ugly thing comes into view.
The acid dragon roars!
You scratch the killer bee.
The killer bee is moderately wounded.
You hear a shout! x2
The killer bee stings you!
The killer bee stings you but does no damage.
The acid dragon spits acid at you. The splash of acid misses you.
The killer bee closely misses you. The killer bee stings you.
You miss the killer bee. You claw the killer bee.
The killer bee is heavily wounded.
The killer bee closely misses you.
The killer bee stings you but does no damage.
The acid dragon spits acid at you. The splash of acid hits you.
You hear a shout!
You scratch the killer bee but do no damage.
The killer bee is severely wounded.
The killer bee stings you. The killer bee closely misses you. x2
The killer bee barely misses you.
An orc comes into view. It is wielding a +0 hand axe.
You barely miss the killer bee. You claw the killer bee.
You kill the killer bee!
Okawaru accepts your kill. The killer bee closely misses you.
The killer bee barely misses you. The acid dragon spits acid at you.
The splash of acid hits you! The acid corrodes you! The killer bee stings you.
You hear a shout! x2
You climb upwards.
There is a stone staircase leading down here.
You barely miss the killer bee. The killer bee stings you.
The killer bee stings you but does no damage.
You claw the killer bee!
The killer bee is heavily wounded.
The killer bee stings you.
You barely miss the killer bee.
The killer bee is heavily wounded.
The killer bee closely misses you.
The killer bee stings you but does no damage.
You claw the killer bee!
You kill the killer bee!
Okawaru accepts your kill.
No target in view!
HP restored.
You are no longer corroded.
There is a stone staircase leading down here.
You climb downwards.
There is a stone staircase leading up here.
Found a quarterstaff.
A yak comes into view.
The yak bellows!
The cyclops shouts!
You hear a shout!
You start waiting.
A yak is nearby!
You claw the yak!
The yak is moderately wounded.
The yak gores you.
You scratch the yak. You claw the yak!
The yak is severely wounded.
The yak gores you!
You claw the yak!
The yak is almost dead.
You mangle the yak!!
You kill the yak!
Okawaru accepts your kill.
You start resting.
A cyclops is nearby!
You mangle the cyclops!! You claw the cyclops.
The cyclops is heavily wounded.
The cyclops barely misses you.
You scratch the cyclops but do no damage.
The cyclops is heavily wounded.
You mangle the cyclops!!
You kill the cyclops!
Okawaru is honoured by your kill.
You have reached level 11!
L - 6 large rocks (gained 3)
You see here a yak corpse.
An acid dragon comes into view.
The acid dragon roars!
You see here a yak corpse.
You start waiting.
An acid dragon is nearby!
You scratch the acid dragon.
The acid dragon is lightly wounded.
You claw the acid dragon!
The acid dragon is heavily wounded.
The acid dragon closely misses you.
The acid dragon claws you but does no damage.
You mangle the acid dragon!!
You kill the acid dragon!
Okawaru accepts your kill.
You see here a yak corpse.
Found 16 gold pieces.
A bullfrog comes into view.
A komodo dragon comes into view.
The bullfrog croaks.
The centaur shouts!
The bullfrog snags a nearby butterfly with its tongue.
The centaur hits the fungus.
The fungus begins to die.
The centaur kicks the fungus.
The centaur hits the fungus.
The centaur kicks the fungus.
You scratch the bullfrog.
The bullfrog is lightly wounded.
The bullfrog barely misses you.
You scratch the bullfrog but do no damage.
The bullfrog is lightly wounded.
The bullfrog hits you but does no damage.
The bullfrog hits you but does no damage.
The bullfrog attacks as you move away!
The bullfrog hits you but does no damage.
The bullfrog hits you.
You closely miss the bullfrog.
The bullfrog is lightly wounded.
The bullfrog hits you.
You completely miss the bullfrog.
The bullfrog is lightly wounded.
The bullfrog closely misses you.
You claw the bullfrog!
The bullfrog is severely wounded.
The bullfrog closely misses you.
You closely miss the bullfrog.
The bullfrog is severely wounded.
The bullfrog closely misses you.
You barely miss the bullfrog.
The bullfrog is severely wounded.
The bullfrog closely misses you.
You mangle the bullfrog!!
You kill the bullfrog!
Okawaru accepts your kill.
You scratch the centaur.
The centaur is lightly wounded.
The centaur barely misses you.
The centaur kicks you but does no damage.
You closely miss the centaur. Your claw misses the centaur.
The centaur is lightly wounded.
The centaur hits you but does no damage.
The centaur kicks you but does no damage.
You barely miss the centaur.
The centaur is lightly wounded.
The centaur closely misses you. The centaur barely misses you.
You barely miss the centaur.
The centaur is lightly wounded.
The centaur barely misses you.
The centaur kicks you but does no damage.
The centaur misses you. The centaur closely misses you.
You mangle the centaur!!
You kill the centaur!
Okawaru accepts your kill. Okawaru grants you a weapon!
Something appears at your feet!
You see here the +1 shortbow "Kagig" {elec, +Blink rF+ rN+}.
Training target 4.0 for Invocations reached!
Your Invocations skill increases to level 4!
Okay, then.
You scratch the komodo dragon but do no damage.
The komodo dragon completely misses you.
You closely miss the komodo dragon. The komodo dragon closely misses you.
You mangle the komodo dragon!!
The komodo dragon is heavily wounded.
You mangle the komodo dragon!!
You kill the komodo dragon!
Okawaru accepts your kill.
No target in view!
Things that are here:
a +0 shortbow; a komodo dragon corpse The cyclops shouts!
You claw the cyclops!
The cyclops is moderately wounded.
The cyclops closely misses you.
You scratch the cyclops.
The cyclops is moderately wounded.
The cyclops hits you!
You claw the cyclops!
The cyclops is heavily wounded.
You scratch the cyclops but do no damage.
Your claw misses the cyclops.
The cyclops is heavily wounded.
The cyclops hits you!!
You mangle the cyclops!!
The cyclops is almost dead.
You mangle the cyclops!!
You kill the cyclops!
Okawaru is honoured by your kill.
HP restored.
L - 9 large rocks (gained 3)
You see here a cyclops corpse.
You now have 672 gold pieces (gained 16).
A shadow comes into view.
The shadow hits you.
You closely miss the shadow.
The shadow slips into darkness.
The shadow flickers and vanishes for a moment.
You barely miss the shadow. The shadow hits you!
You scratch the shadow but do no damage.
The shadow hits you!
You scratch the shadow. You claw the shadow, but do no damage.
The shadow is moderately damaged.
You barely miss the shadow.
The shadow is moderately damaged.
The shadow closely misses you.
You closely miss the shadow.
The shadow is moderately damaged.
The shadow hits you.
You barely miss the shadow.
The shadow is moderately damaged.
The shadow hits you!
You mangle the shadow!!
You destroy the shadow!
Okawaru accepts your kill.
No target in view!
No target in view!
g - 20 poisoned darts (gained 1)
g - 22 poisoned darts (gained 2);
M - 6 curare-tipped darts (gained 1)
A two-headed ogre comes into view.
It is wielding a +0 giant club and a +0 giant spiked club.
The two-headed ogre shouts in stereo!
You mangle the scorpion!!
You kill the scorpion!
Okawaru accepts your kill.
You hear a horrible gurgling sound!
A wraith comes into view.
You see here a scorpion corpse.
Throw: 22 darts (poison)
Press: ? - help, Shift-Dir - straight line, f - two-headed ogre
Aim: a two-headed ogre, wielding a +0 giant club and a +0 giant spiked club (77% to hit)
You throw a poisoned dart.
The poisoned dart hits the two-headed ogre!
The two-headed ogre is poisoned.
An acid dragon comes into view.
You completely miss the two-headed ogre.
Your claw misses the two-headed ogre.
The two-headed ogre hits you with a +0 giant club!
The two-headed ogre barely misses you.
The acid dragon roars!
You claw the two-headed ogre!
The two-headed ogre is lightly wounded.
You hear a shout!
You claw the two-headed ogre!
The two-headed ogre is moderately wounded.
The acid dragon spits acid at you. The splash of acid hits you!
The acid corrodes you!
The two-headed ogre barely misses you. x2
You claw the two-headed ogre!
The two-headed ogre is heavily wounded.
You mangle the two-headed ogre!!
The two-headed ogre is almost dead.
You claw the two-headed ogre!
You kill the two-headed ogre!
Okawaru accepts your kill. The wraith hits you.
Your Fighting skill increases to level 5!
Your Unarmed Combat skill increases to level 13!
You claw the wraith! Your claw misses the wraith.
The wraith is moderately damaged.
The wraith hits you! The wraith drains your vigour!
You feel yourself slow down.
You barely miss the wraith.
The wraith is moderately damaged.
The wraith hits you. The acid dragon spits acid at you.
The splash of acid hits you!!
* * * LOW HITPOINT WARNING * * *
You hear a shout! x2; You hear a horrible gurgling sound!
You hear a shout!
You claw the wraith! Your claw misses the wraith.
The wraith is severely damaged.
The wraith hits you.
* * * LOW HITPOINT WARNING * * *
The wraith drains your vigour!
You feel as though you will be slow longer.
Okay, then.
You gain the combat prowess of a mighty hero.
The acid dragon spits acid at you. The splash of acid hits you!
* * * LOW HITPOINT WARNING * * *
The wraith barely misses you.
The acid dragon bites you but does no damage.
The acid dragon barely misses you.
An orc comes into view. It is wielding a +0 dagger.
The acid dragon bites you!
* * * LOW HITPOINT WARNING * * *
The acid dragon claws you but does no damage.
The wraith closely misses you.
The orc shouts!
You can now deal lightning-fast blows.
The acid dragon bites you!
* * * LOW HITPOINT WARNING * * *
The acid dragon barely misses you. The wraith hits you.
* * * LOW HITPOINT WARNING * * *
The acid dragon closely misses you.
The acid dragon claws you but does no damage.
An orc wizard comes into view. It is wielding a +0 dagger.
Okay, then.
Okay, then.
Attack: -) Claws
Press: ? - help, Dir - move target, f - wraith
Aim: a wraith (severely damaged, about 28% to evade your claws)
You claw the wraith!
You destroy the wraith!
Okawaru accepts your kill. The acid dragon bites you!
* * * LOW HITPOINT WARNING * * *
The acid dragon claws you.
* * * LOW HITPOINT WARNING * * *
The acid dragon spits acid at you. The splash of acid hits you!!
You die...

#u..#..... .#........
.'........ ....... ..#... #...#
.. #..D# ######.#. ..###..@#
#.#.....## #...#...#...#.D#
#........###
...............#####..........#
..(.......o..(...............#.
.......o.......................
.>..u..o..............>.......#
.......o.....................#.
....(...........).............<
(......<..$....................


You could see a white ugly thing, 2 acid dragons, 2 orc wizards and 2 orcs.

Vanquished Creatures
  A boulder beetle (D:11)
  A two-headed ogre (D:11)
  Maurice (D:9)
  2 cyclopes (D:11)
  A komodo dragon (D:11)
  A troll (D:10)
  A shadow (D:11)
  4 wyverns
  A wraith (D:11)
  13 yaks
  An acid dragon (D:11)
  3 water moccasins
  Duvessa (D:7)
  3 ice beasts
  2 sky beasts
  7 orc warriors
  A black bear (D:8)
  3 centaurs
  An ogre (D:5)
  A phantom (D:7)
  A kobold brigand (D:9)
  2 gnoll sergeants (D:7)
  3 bullfrogs
  5 scorpions
  3 wights (D:7)
  Dowan (D:7)
  3 killer bees
  4 howler monkeys
  An electric eel (D:9)
  A lava snake (D:7)
  5 orc priests
  2 gnoll boudas (D:7)
  4 hounds
  3 jellies
  5 iguanas
  7 orc wizards
  7 gnolls
  5 adders
  An ufetubus (D:7)
  2 worms
  3 dart slugs
  28 orcs
  14 ball pythons
  3 endoplasms
  8 giant cockroaches
  5 goblins
  6 hobgoblins
  4 jackals (D:4)
  11 kobolds
  5 quokkas
  8 bats
  A frilled lizard (D:1)
  6 rats
  A spectral orc (D:10)
217 creatures vanquished.

Vanquished Creatures (others)
  5 dream sheep (D:6)
  9 fungi (D:11)
  14 plants (D:11)
28 creatures vanquished.

Grand Total: 245 creatures vanquished

Notes
Turn   | Place    | Note
-------+----------+-------------------------------------------
     0 | D:1      | jagoly the Troll Gladiator began the quest for the Orb.
     0 | D:1      | Reached XP level 1. HP: 19/19 MP: 0/0
   207 | D:1      | Reached XP level 2. HP: 28/28 MP: 1/1
   382 | D:1      | Reached skill level 1 in Stealth
   461 | D:1      | You fall into a shaft and drop 1 floor!
   595 | D:1      | Reached XP level 3. HP: 35/35 MP: 2/2
   957 | D:2      | Found Pozipuj's Jewellery Boutique.
  1006 | D:2      | Found a faded altar of an unknown god.
  1634 | D:3      | Reached XP level 4. HP: 42/42 MP: 3/3
  1672 | D:3      | Found a white marble altar of Elyvilon.
  1706 | D:3      | Became a worshipper of Elyvilon the Healer
  2033 | D:3      | Found a radiant altar of Vehumet.
  2042 | D:3      | Found a glowing silver altar of Zin.
  2092 | D:4      | Reached * piety under Elyvilon
  2129 | D:4      | Found a staircase to the Ecumenical Temple.
  2136 | Temple   | Entered the Ecumenical Temple
  2219 | Temple   | Fell from the grace of Elyvilon
  2219 | Temple   | Became a worshipper of Warmaster Okawaru
  2507 | D:4      | Reached XP level 5. HP: 49/49 MP: 4/4
  2853 | D:4      | Reached skill level 4 in Unarmed Combat
  3072 | D:4      | Found a shimmering blue altar of Sif Muna.
  3095 | D:5      | Entered Level 5 of the Dungeon
  3114 | D:5      | Found Ytusk's One-of-a-Kind Rings.
  3120 | D:5      | Reached XP level 6. HP: 59/59 MP: 5/5
  3143 | D:5      | Reached * piety under Okawaru
  3233 | D:5      | Found a shadowy altar of Dithmenos.
  3303 | D:5      | Found a blossoming altar of Fedhas.
  3378 | D:5      | Found Suelogg's Superlative Supplies.
  3389 | D:5      | Reached skill level 5 in Unarmed Combat
  3389 | D:5      | Reached skill level 1 in Invocations
  3443 | D:5      | Reached XP level 7. HP: 67/67 MP: 5/7
  3956 | D:6      | Reached skill level 6 in Unarmed Combat
  4067 | D:6      | Found a sparkling altar of Nemelex Xobeh.
  4123 | D:6      | Reached ** piety under Okawaru
  4235 | D:6      | Reached skill level 7 in Unarmed Combat
  4235 | D:6      | Reached XP level 8. HP: 55/75 MP: 8/8
  4569 | D:6      | Noticed a dream sheep
  4569 | D:6      | Noticed a dream sheep
  4569 | D:6      | Noticed a dream sheep
  4569 | D:6      | Noticed a dream sheep
  4569 | D:6      | Noticed a dream sheep
  4569 | D:6      | Found a shimmering altar of Xom.
  4574 | D:6      | Killed a dream sheep
  4574 | D:6      | Killed a dream sheep
  4574 | D:6      | Killed a dream sheep
  4574 | D:6      | Killed a dream sheep
  4575 | D:6      | Killed a dream sheep
  4753 | D:7      | Noticed Duvessa
  4897 | D:7      | Noticed Dowan
  4991 | D:7      | Reached *** piety under Okawaru
  5002 | D:7      | Reached skill level 8 in Unarmed Combat
  5136 | D:7      | Reached skill level 5 in Throwing
  5598 | D:7      | Reached skill level 9 in Unarmed Combat
  5735 | D:7      | Reached XP level 9. HP: 57/81 MP: 9/9
  5868 | D:8      | Found a sacrificial altar of Ru.
  6040 | D:8      | Noticed Erica
  6429 | D:9      | Reached **** piety under Okawaru
  6430 | D:9      | Reached skill level 10 in Unarmed Combat
  6483 | D:9      | Found a glowing golden altar of the Shining One.
  6694 | D:9      | Noticed Maurice
  6714 | D:9      | Killed Maurice
  6732 | D:9      | Found a runed translucent door.
  6732 | D:9      | Noticed busb's ghost (journeyman BaNe)
  6805 | D:9      | Received a gift from Okawaru
  6806 | D:9      | Reached skill level 11 in Unarmed Combat
  6820 | D:9      | Reached XP level 10. HP: 60/91 MP: 10/10
  6828 | D:9      | Reached ***** piety under Okawaru
  6981 | D:9      | Found a hazy altar of Hepliaklqana.
  7849 | D:7      | Killed Duvessa
  7855 | D:7      | Killed Dowan
  8054 | D:10     | Entered Level 10 of the Dungeon
  8079 | D:10     | Received a gift from Okawaru
  8080 | D:10     | Reached skill level 12 in Unarmed Combat
  8452 | D:9      | Received a gift from Okawaru
  8568 | D:9      | Found a staircase to the Orcish Mines.
  8867 | D:10     | Found a basalt altar of Yredelemnul.
  8962 | D:11     | Noticed a boulder beetle
  8975 | D:11     | Killed a boulder beetle
  8998 | D:11     | Noticed a cyclops
  9001 | D:11     | Noticed a cyclops
  9042 | D:11     | Noticed a white ugly thing
  9132 | D:11     | Killed a cyclops
  9133 | D:11     | Reached XP level 11. HP: 100/101 MP: 12/12
  9145 | D:11     | Reached ****** piety under Okawaru
  9178 | D:11     | Identified the +1 shortbow "Kagig" {elec, +Blink rF+ rN+}
                  | (Okawaru gifted it to you on level 11 of the Dungeon)
  9178 | D:11     | Received a gift from Okawaru
  9250 | D:11     | Noticed a two-headed ogre
  9259 | D:11     | Killed a two-headed ogre
  9260 | D:11     | Reached skill level 5 in Fighting
  9260 | D:11     | Reached skill level 13 in Unarmed Combat
  9265 | D:11     | Killed from afar by an acid dragon

Illustrated notes

Levels and vault maps discovered:
D:1:      roderic_octagonal_star, layout_loops_ring, serial_glass,
          glass_columns_a, glass_columns_a, minmay_split_cup_small
D:2:      layout_basic, nicolae_ecumenical_snake_handling, serial_shops, shop,
          chequers_serial_rivers_small_b
D:3:      layout_basic, nicolae_elyvilon_peaceful_grove,
          mainiacjoe_overflow_swirl
D:4:      cheibrodos_helix_gallery, layout_cave_pods, lemuel_blue_sif_altar,
          minmay_temple_entry_statues_pillars
D:5:      layout_loops_ring, lemuel_crystal_altar, kennysheep_little_box,
          nicolae_shop_unique_rings, skrybe_limestone_x,
          chequers_serial_rivers_micro_c, nicolae_alphabet_shops
D:6:      layout_basic, kb_xom_exploding_sheep, nemelex_altar_shiori,
          solitary_fountain
D:7:      layout_loops_ring, kennysheep_opposing_triangles, uniq_duvessa
D:8:      layout_gridville, nicolae_ru_great_annihilating_truth, uniq_grum,
          uniq_erica
D:9:      layout_basic, worldfamousw_hep_ancestral_shrine, tso_metal_star,
          erik_orc_2, hellmonk_ghost_happy_afterlife, uniq_maurice
D:10:     layout_cave_pools, yredelemnul_forgotten_temple_becter
D:11:     layout_big_octagon, grunt_lair_entry_orc_guard_hut,
          minmay_fractal_squares_diagonal_5
Temple:   nicolae_temple_bog_church

Skill      XL: |  1  2  3  4  5  6  7  8  9 10 11 |
---------------+----------------------------------+-----
Stealth        | 1 2 |  2.0
Fighting       | 2 3 4 5 |  5.0
Throwing       | 2 3 5 7 8 |  8.6
Unarmed Combat | 4 5 7 9 11 12 13 | 13.0
Dodging        | 3 |  3.0
Invocations    | 1 2 3 4 |  4.0

Action                     |  1- 3 |  4- 6 |  7- 9 | 10-12 || total
---------------------------+-------+-------+-------+-------++-------
  Melee: Unarmed           |   111 |   107 |   238 |   201 ||   657
         Punch             |     1 |     2 |     9 |    10 ||    22
  Throw: Dart              |       |    11 |    19 |    14 ||    44
         Stone             |       |     9 |    26 |     4 ||    39
         Throwing net      |       |     1 |       |       ||     1
         Boomerang         |       |       |     5 |     2 ||     7
         Javelin           |       |       |     2 |       ||     2
         Large rock        |       |       |     1 |     1 ||     2
 Invoke: Heroism           |       |       |       |     1 ||     1
         Finesse           |       |       |       |     1 ||     1
  Evoke: Wand              |       |       |     1 |       ||     1
    Use: Scroll            |     3 |     1 |     3 |     1 ||     8
   Stab: Sleeping          |     4 |     2 |     1 |     1 ||     8
         Paralysed         |       |       |     1 |       ||     1
 Armour: Robe              |    46 |    22 |    32 |    23 ||   123
         Troll leather arm |       |       |       |    39 ||    39
  Dodge: Dodged            |    47 |    37 |    58 |    87 ||   229
